 Dungeon Crawl Stone Soup version 0.30.0-20-g3615ddf2f0 (webtiles) character file.

Game seed: 12659821179836283763

1301 qw the Cleaver (level 8, -7/51 HPs)
             Began as a Gargoyle Fighter on May 27, 2023.
             Mangled by an orc warrior
             ... wielding a +0 battleaxe
              (9 damage)
             ... on level 6 of the Dungeon.
             The game lasted 00:02:46 (5549 turns).

qw the Cleaver (Gargoyle Fighter)                   Turns: 5549, Time: 00:02:47

Health: -7/51      AC: 15    Str: 28    XL:     8   Next: 57%
Magic:  8/8        EV:  9    Int:  9    God:
Gold:   332        SH:  4    Dex:  9    Spells: 7/7 levels left

rFire   . . .        Y - +1 war axe (venom)
rCold   . . .        c - +0 buckler
rNeg    + . .        k - +0 chain mail
rPois   inf          (no helmet)
rElec   +            (no cloak)
rCorr   +            (no gloves)
SInv    .            a - +0 pair of boots
Will    .....        (no amulet) Stlth
                     g - ring of resist corrosion
HPRegen 0.28/turn    p - +6 ring of strength
MPRegen 0.11/turn

%: no passive effects
@: about to teleport
A: sickness immunity, AC +5, negative energy resistance 1, electricity
resistance, torment resistance 1, petrification resistance
a: no special abilities


You were on level 6 of the Dungeon.
You visited 1 branch of the dungeon, and saw 6 of its levels.
You also visited: Sewer.

You collected 332 gold pieces.


Innate Abilities, Weirdness & Mutations

You are immune to sickness and miasma.
Your stone body is resilient. (AC +5)
You are immune to poison.
You resist negative energy. (rN+)
You are resistant to electric shocks. (rElec)
You are resistant to unholy torment.
You are immune to petrification.


   Skills:
 + Level 5.6 Fighting
 - Level 8.3 Axes
 - Level 1.3 Throwing
 - Level 3.2 Armour
 - Level 1.0 Dodging
 - Level 3.2 Shields


You had 7 spell levels left.
You didn't know any spells.
Your spell library was empty.

Inventory:

Hand Weapons
 m - a +4 heavy flail
 Y - a +1 war axe of venom (weapon)
Armour
 a - a +0 pair of boots (worn)
 c - a +0 buckler (worn)
 k - a +0 chain mail (worn)
Jewellery
 g - a ring of resist corrosion (left hand)
 p - a +6 ring of strength (right hand)
Scrolls
 f - a scroll of teleportation
 h - a scroll of identify
Potions
 b - 2 potions of curing
 d - a potion of might
 i - 2 potions of heal wounds
 j - 2 potions of attraction
 l - a potion of cancellation
 n - a potion of mutation {unknown}
 o - a potion of degeneration {unknown}

Dungeon Overview and Level Annotations

Branches:
Dungeon (6/15)              Sewer (visited)
 Temple: D:4-7

Altars:
Ashenzari

Annotations:
D:5 Pikel


Message History

The orc warrior looks even sicker.
You barely miss the orc. The orc hits you with a +0 mace.
The orc barely misses you.
The orc warrior hits you with a +0 battleaxe!
You slash the orc warrior!
The orc warrior looks as sick as possible!
The orc warrior is heavily wounded.
You closely miss the orc. x2
You block the orc's attack.
The orc warrior hits you with a +0 battleaxe!
The orc barely misses you.
You hit the orc warrior.
The orc warrior looks as sick as possible!
The orc warrior is severely wounded.
You barely miss the orc. You slash the orc!
You kill the orc!
You block the orc's attack.
The orc warrior hits you with a +0 battleaxe.
You barely miss the orc warrior.
The orc warrior is severely wounded.
You hit the orc.
The orc is poisoned.
The orc hits you but does no damage.
The orc warrior hits you but does no damage.
You closely miss the orc warrior.
The orc warrior is severely wounded.
You hit the orc.
You kill the orc!
The orc warrior closely misses you.
You hit the orc warrior.
The orc warrior looks as sick as possible!
The orc warrior is almost dead.
The orc warrior hits you but does no damage.
You hit the orc warrior but do no damage.
The orc warrior is almost dead.
You block the orc warrior's attack.
The orc warrior hits you with a +0 battleaxe!
5549 ||| READING 2 scrolls of teleportation.
As you read the scroll of teleportation, it crumbles to dust.
You feel strangely unstable.
The orc warrior hits you with a +0 battleaxe!
You die...

... ..##
#...### ..
.....####..
.........#
#.......#
#))o....#
#.@)....##
#........#
#.<......#
..<....###.....
......# #..#.
.....# ..#
....# .# .... #
...


You could see an orc warrior (extremely poisoned).

Vanquished Creatures
  Sigmund (D:5)
  Menkaure (D:5)
  Edmund (D:4)
  A sky beast (D:5)
  3 lemures
  A bullfrog (Sewer)
  2 scorpions (D:5)
  A howler monkey (D:5)
  A jelly (D:4)
  2 hounds (D:5)
  A sleepcap (D:4)
  2 iguanas (D:5)
  5 orc wizards
  6 gnolls (D:4)
  12 adders
  A shadow imp (D:5)
  2 white imps (D:5)
  An ufetubus (D:5)
  2 worms (D:3)
  2 dart slugs
  15 orcs
  12 ball pythons
  5 endoplasms
  9 giant cockroaches
  8 goblins
  5 hobgoblins
  3 jackals (D:3)
  3 kobolds
  5 quokkas
  9 bats
  9 frilled lizards
  6 rats
137 creatures vanquished.

Notes
Turn   | Place    | Note
-------+----------+-------------------------------------------
     0 | D:1      | qw the Gargoyle Fighter began the quest for the Orb.
     0 | D:1      | Reached XP level 1. HP: 14/14 MP: 1/1
     0 | D:1      | 0 ||| qw: Version: 0.2-a-99-gce666ed
     0 | D:1      | 0 ||| qw: Game counter: 165
     0 | D:1      | 0 ||| qw: Always use a shield: true
     0 | D:1      | 0 ||| qw: God list: Okawaru
     0 | D:1      | 0 ||| qw: Allow faded altars: false
     0 | D:1      | 0 ||| qw: Do Orc after D:15 true
     0 | D:1      | 0 ||| qw: Do second Lair branch before Depths: true
     0 | D:1      | 0 ||| qw: Lair rune preference: random
     0 | D:1      | 0 ||| qw: Plans: Normal, Zot:1-4, God:TSO, Crypt, Tomb,
                  | Pan, Slime:5, Hells, Abyss, Win
     0 | D:1      | 0 ||| PLANNING D:1-11
   143 | D:1      | Reached skill level 2 in Axes
   246 | D:1      | 246 ||| DROPPING +0 club.
   254 | D:1      | Reached XP level 2. HP: 19/19 MP: 2/2
   831 | D:1      | 831 ||| UPGRADING to ring of resist corrosion.
   832 | D:1      | 832 ||| READING scroll labelled ZURITZ TAUP.
   833 | D:1      | 833 ||| READING scroll labelled YXURHA VAEMN.
   838 | D:1      | 838 ||| READING scroll labelled VIKLAKHOATE.
  1018 | D:2      | Reached skill level 3 in Axes
  1098 | D:2      | Reached XP level 3. HP: 23/23 MP: 3/3
  1312 | D:2      | 1312 ||| Stepping ~*~*~tactically~*~*~ (hiding).
  1456 | D:2      | Reached XP level 4. HP: 28/28 MP: 4/4
  1794 | D:2      | 1794 ||| READING scroll labelled QIASEON LENNIM.
  1795 | D:2      | 1795 ||| READING 2 scrolls labelled LEH WODUPI.
  1796 | D:2      | 1796 ||| READING scroll labelled HEAGUO ITAGU.
  1797 | D:2      | 1797 ||| READING scroll labelled QUDIGR UGOI.
  1798 | D:2      | 1798 ||| DRINKING 2 emerald potions.
  1799 | D:2      | 1799 ||| DRINKING 2 smoky grey potions.
  1800 | D:2      | 1800 ||| DROPPING potion of flight.
  1801 | D:2      | 1801 ||| DROPPING scroll of blinking.
  2016 | D:3      | Reached skill level 4 in Axes
  2061 | D:3      | 2061 ||| Stepping ~*~*~tactically~*~*~ (stealth).
  2143 | D:3      | 2143 ||| Stepping ~*~*~tactically~*~*~ (stealth).
  2148 | D:3      | 2148 ||| Stepping ~*~*~tactically~*~*~ (stealth).
  2153 | D:3      | 2153 ||| Stepping ~*~*~tactically~*~*~ (stealth).
  2245 | D:3      | Found a broken altar of Ashenzari.
  2246 | D:3      | 2246 ||| Stepping ~*~*~tactically~*~*~ (hiding).
  2292 | D:3      | 2292 ||| DROPPING +0 whip.
  2300 | D:3      | 2300 ||| UPGRADING to +0 chain mail.
  2310 | D:3      | 2310 ||| DROPPING +0 scale mail.
  2553 | D:3      | Reached XP level 5. HP: 32/32 MP: 5/5
  2764 | D:3      | 2764 ||| READING scroll labelled REOS VALIBAM.
  2816 | D:4      | 2816 ||| PLANNING SEWER
  2933 | D:4      | Found a glowing drain.
  2934 | D:4      | 2934 ||| DRINKING 2 glowing silvery potions.
  2935 | D:4      | 2935 ||| Stepping randomly (stuck).
  2936 | D:4      | 2936 ||| Stepping randomly (stuck).
  2937 | D:4      | 2937 ||| Stepping randomly (stuck).
  2938 | D:4      | 2938 ||| Stepping randomly (stuck).
  2939 | D:4      | 2939 ||| Stepping randomly (stuck).
  2940 | D:4      | 2940 ||| Stepping randomly (stuck).
  2941 | D:4      | 2941 ||| Stepping randomly (stuck).
  2942 | D:4      | 2942 ||| Stepping randomly (stuck).
  2943 | D:4      | 2943 ||| Stepping randomly (stuck).
  2944 | D:4      | 2944 ||| Stepping randomly (stuck).
  2945 | D:4      | 2945 ||| Stepping randomly (stuck).
  2946 | D:4      | 2946 ||| Stepping randomly (stuck).
  2947 | D:4      | 2947 ||| Stepping randomly (stuck).
  2948 | D:4      | 2948 ||| Stepping randomly (stuck).
  2949 | D:4      | 2949 ||| Stepping randomly (stuck).
  2950 | D:4      | 2950 ||| Stepping randomly (stuck).
  2951 | D:4      | 2951 ||| Stepping randomly (stuck).
  2952 | D:4      | 2952 ||| Stepping randomly (stuck).
  2953 | D:4      | 2953 ||| Stepping randomly (stuck).
  2954 | D:4      | 2954 ||| Stepping randomly (stuck).
  2955 | D:4      | 2955 ||| Stepping randomly (stuck).
  2956 | D:4      | 2956 ||| Stepping randomly (stuck).
  2957 | D:4      | 2957 ||| Stepping randomly (stuck).
  2958 | D:4      | 2958 ||| Stepping randomly (stuck).
  2959 | D:4      | 2959 ||| Stepping randomly (stuck).
  2960 | D:4      | 2960 ||| Stepping randomly (stuck).
  2961 | D:4      | 2961 ||| Stepping randomly (stuck).
  2962 | D:4      | 2962 ||| Stepping randomly (stuck).
  2963 | D:4      | 2963 ||| Stepping randomly (stuck).
  2964 | D:4      | 2964 ||| Stepping randomly (stuck).
  2965 | D:4      | 2965 ||| Stepping randomly (stuck).
  2966 | D:4      | 2966 ||| Stepping randomly (stuck).
  2967 | D:4      | 2967 ||| Stepping randomly (stuck).
  2968 | D:4      | 2968 ||| Stepping randomly (stuck).
  2969 | D:4      | 2969 ||| Stepping randomly (stuck).
  2970 | D:4      | 2970 ||| Stepping randomly (stuck).
  2971 | D:4      | 2971 ||| Stepping randomly (stuck).
  2972 | D:4      | 2972 ||| Stepping randomly (stuck).
  2973 | D:4      | 2973 ||| Stepping randomly (stuck).
  2974 | D:4      | 2974 ||| Stepping randomly (stuck).
  2975 | D:4      | 2975 ||| Stepping randomly (stuck).
  2976 | D:4      | 2976 ||| Stepping randomly (stuck).
  3012 | D:4      | 3012 ||| READING 2 scrolls of identify.
  3012 | D:4      | 3012 ||| IDENTIFYING lumpy ruby potion
  3013 | D:4      | 3013 ||| DROPPING potion of brilliance.
  3019 | Sewer    | Entered a sewer
  3028 | Sewer    | 3028 ||| Stepping ~*~*~tactically~*~*~ (water).
  3070 | Sewer    | Reached skill level 5 in Axes
  3219 | Sewer    | Reached XP level 6. HP: 36/38 MP: 6/6
  3459 | Sewer    | 3459 ||| READING scroll labelled VEUGIL VYINOZEO.
  3460 | Sewer    | 3460 ||| READING scroll labelled LOSUOBB TOCO.
  3461 | Sewer    | 3461 ||| DRINKING 2 orange potions.
  3462 | Sewer    | 3462 ||| READING 2 scrolls of identify.
  3462 | Sewer    | 3462 ||| IDENTIFYING coppery potion
  3463 | Sewer    | 3463 ||| DROPPING potion of magic.
  3482 | D:4      | 3482 ||| RIP OSSUARY
  3483 | D:4      | 3483 ||| PLANNING D:1-11
  3529 | D:4      | 3529 ||| Stepping ~*~*~tactically~*~*~ (hiding).
  3738 | D:4      | Noticed Edmund
  3749 | D:4      | Killed Edmund
  3794 | D:4      | 3794 ||| DROPPING +0 flail.
  3814 | D:4      | Reached skill level 6 in Axes
  3825 | D:4      | Reached XP level 7. HP: 40/43 MP: 7/7
  3921 | D:4      | Reached skill level 1 in Dodging
  4207 | D:5      | Entered Level 5 of the Dungeon
  4440 | D:5      | Reached skill level 7 in Axes
  4462 | D:5      | Reached XP level 8. HP: 46/50 MP: 8/8
  4470 | D:5      | 4470 ||| Stepping ~*~*~tactically~*~*~ (stealth).
  4471 | D:5      | 4471 ||| Stepping ~*~*~tactically~*~*~ (stealth).
  4537 | D:5      | Reached skill level 1 in Throwing
  4869 | D:5      | 4869 ||| STAIRDANCE
  4911 | D:4      | 4911 ||| UPGRADING to +6 ring of strength.
  4912 | D:4      | 4912 ||| READING 2 scrolls of identify.
  4912 | D:4      | 4912 ||| IDENTIFYING bubbling emerald potion
  4913 | D:4      | 4913 ||| DROPPING potion of ambrosia.
  4934 | D:5      | 4934 ||| Stepping ~*~*~tactically~*~*~ (stealth).
  4936 | D:5      | Noticed Pikel
  4937 | D:5      | 4937 ||| Stepping ~*~*~tactically~*~*~ (stealth).
  4938 | D:5      | 4938 ||| Stepping ~*~*~tactically~*~*~ (stealth).
  5143 | D:5      | 5143 ||| Stepping ~*~*~tactically~*~*~ (hiding).
  5236 | D:5      | Noticed Menkaure
  5243 | D:5      | Killed Menkaure
  5294 | D:5      | Noticed Sigmund
  5306 | D:5      | Killed Sigmund
  5307 | D:5      | Reached skill level 8 in Axes
  5496 | D:5      | 5496 ||| UPGRADING to +0 pair of boots.
  5501 | D:5      | 5501 ||| READING scroll labelled JAPNOEREUH.
  5502 | D:5      | 5502 ||| READING 2 scrolls of identify.
  5502 | D:5      | 5502 ||| IDENTIFYING fizzy coppery potion
  5548 | D:6      | HP: 2/51 [orc warrior/+0 battleaxe (16)]
  5549 | D:6      | 5549 ||| READING 2 scrolls of teleportation.
  5549 | D:6      | Mangled by an orc warrior

Levels and vault maps discovered:
D:1:      wander_arrival_lonely_grave, layout_basic, minmay_misc_feat_tiny,
          minmay_octomino_j4
D:2:      layout_basic
D:3:      layout_loops_corners, nicolae_ashenzari_skybound, minmay_cut_off
D:4:      layout_loops_cross, enter_ossuary_2, gup_sewer_entry_glass,
          grunt_decor_arrowhead, minivault_24, uniq_edmund
D:5:      layout_loops_corners, minmay_between, uniq_pikel, uniq_sigmund,
          uniq_menkaure
D:6:      layout_layer_cave, minmay_temple_entry_butterflies, uniq_grinder

Skill      XL: |  1  2  3  4  5  6  7  8 |
---------------+-------------------------+-----
Axes           | 2 3 4 5 6 7 8 |  8.3
Fighting       | 4 5 |  5.6
Dodging        | 1 |  1.0
Throwing       | 1 |  1.3
Armour         | |  3.2
Shields        | |  3.2

Action                     |  1- 3 |  4- 6 |  7- 9 || total
---------------------------+-------+-------+-------++-------
  Melee: War axe           |    82 |   174 |   151 ||   407
  Throw: Boomerang         |    45 |    80 |    17 ||   142
    Use: Scroll            |     3 |     9 |     4 ||    16
         Potion            |       |     4 |       ||     4
 Armour: Scale mail        |    53 |    28 |       ||    81
         Chain mail        |       |    76 |    97 ||   173
  Dodge: Dodged            |    28 |    62 |    58 ||   148
  Block: Buckler           |    13 |    26 |    18 ||    57

Table legend:
 A = Non-vault XP
 B = Vault XP
 C = Vault XP percentage of total XP
 D = Non-vault monster count
 E = Vault monster count
 F = Vault count percentage of total count
                 A         B        C        D         E       F
            +---------+---------+-------+---------+---------+-------
      Total |     795 |    1064 |  57.2 |      95 |      39 |  29.1
            +---------+---------+-------+---------+---------+-------
        D:1 |      20 |       6 |  23.1 |      11 |       2 |  15.4
        D:2 |      58 |       0 |   0.0 |      24 |       0 |   0.0
        D:3 |      66 |      17 |  20.5 |      23 |       3 |  11.5
        D:4 |     287 |     176 |  38.0 |      22 |       5 |  18.5
        D:5 |     323 |     735 |  69.5 |      12 |       8 |  40.0
        D:6 |      41 |       0 |   0.0 |       3 |       0 |   0.0
      Sewer |       0 |     130 | 100.0 |       0 |      21 | 100.0
            +---------+---------+-------+---------+---------+-------
